AoeStats
← Bo Xilai stan

Migration

510234689Analyzed
1v1 RM · 1d ago on Sep 30, 2026· 75m 47s· 2 players
Game mode
Random Map
Map size
132×132
Population
200
Speed
Normal
Resources
Standard
Victory
Conquest
Starting age
Dark Age
Ending age
Imperial Age
RankedLock teamsTeams togetherTeam positionsShared explorationLock speedFull tech treeHidden civsTurbo modeCheats
Victory
Defeat
🇺🇸 Japanese · United States
999
+17
🇲🇽 Vikings · Mexico
1021
-17
Bo Xilai stan
11:49 Feudal Age
10:05 Loom
12:32 Double-Bit Axe
12:39 Gold Mining
12:54 Fishing Lines
14:29 Wheelbarrow
18:44 Stone Mining
21:29 Castle Age
19:17 Town Watch
23:04 Medium Warships
25:33 Husbandry
26:45 Bloodlines
29:10 Horse Collar
29:41 Bow Saw
32:06 Gillnets
36:26 Imperial Age
36:55 Fletching
37:16 Forging
37:06 Scale Mail Armor
38:12 Gold Shaft Mining
37:45 Town Patrol
38:00 Hand Cart
40:04 Elite Skirmisher
42:11 Thumb Ring
44:39 Kataparuto
52:03 Iron Casting
51:44 Chain Mail Armor
51:24 Bodkin Arrow
53:13 Elite Samurai
55:33 Two-Man Saw
59:46 Heavy Warships
67:05 Bracer
68:05 Blast Furnace
67:09 Padded Archer Armor
69:22 Chemistry
68:43 Ballistics
68:14 Guard Tower
68:36 Masonry
68:25 Murder Holes
68:11 Treadmill Crane
72:39 Plate Mail Armor
71:38 Elite Cannon Galleon
Escafer
7:20 Loom
12:00 Feudal Age
12:26 Double-Bit Axe
12:31 Fishing Lines
18:34 Castle Age
17:56 Horse Collar
19:07 Fletching
20:48 Bow Saw
20:31 Gold Mining
22:32 Padded Archer Armor
26:43 Crossbowman
30:52 Bodkin Arrow
30:30 Pikeman
31:46 Ballistics
38:58 Imperial Age
37:57 Masonry
39:29 Scale Mail Armor
39:40 Forging
39:46 Leather Archer Armor
39:43 Arbalester
44:55 Two-Man Saw
43:57 Heavy Plow
44:49 Scale Barding Armor
46:57 Capped Ram
47:06 Light Cavalry
50:07 Conscription
51:50 Crop Rotation
51:13 Stone Mining
51:59 Gold Shaft Mining
55:17 Chain Barding Armor
59:30 Bracer
60:00 Ring Archer Armor
60:06 Iron Casting
61:02 Chemistry
67:16 Blast Furnace
72:58 Bogsveigar
Connection lost

Rejoining the realm…

Still unreachable

The connection could not be restored.

Session expired

The server has moved on; the page needs a fresh start.